 Dungeon Crawl Stone Soup version 0.29.1-2-gbd0b4ee654 (webtiles) character file.

Game seed: 11469496009968058609

319 eddy2341 the Chopper (level 6, -5/56 HPs)
             Began as a Minotaur Berserker on Nov 15, 2022.
             Was a Follower of Dithmenos.
             Slain by a polar bear (7 damage)
             ... created by the rage of Trog
             ... on level 4 of the Dungeon.
             The game lasted 00:14:04 (3905 turns).

eddy2341 the Chopper (Minotaur Berserker)           Turns: 3905, Time: 00:14:04

Health: -5/56      AC:  2    Str: 22 (23) XL:     6   Next: 21%
Magic:  5/5        EV: 13    Int:  4      God:    Dithmenos [*.....]
Gold:   217        SH:  0    Dex: 10      Spells: 5/5 levels left

rFire   . . .      SeeInvis .   a - +0 hand axe
rCold   . . .      Faith    .   (no shield)
rNeg    . . .      Spirit   .   b - +0 animal skin
rPois   .          Reflect  .   (helmet restricted)
rElec   .          Harm     .   (no cloak)
rCorr   .          Rampage  .   (no gloves)
Will    .....                   (no boots)
Stlth   +.........              (no amulet)
HPRegen 0.18/turn               (no ring)
MPRegen 0.09/turn               (no ring)

@: wreathed by umbra
A: horns 2, retaliatory headbutt
a: Renounce Religion


You were on level 4 of the Dungeon.
You worshipped Dithmenos.
Dithmenos was aware of your devotion.
You visited 1 branch of the dungeon, and saw 4 of its levels.

You collected 217 gold pieces.

Inventory:

Hand Weapons
 a - a +0 hand axe (weapon)
Armour
 b - a +0 animal skin (worn)
Jewellery
 v - a ring of protection from fire
Wands
 t - a wand of polymorph (9)
Scrolls
 d - 5 scrolls of identify {unknown}
 e - a scroll of summoning {unknown}
 f - 3 scrolls of noise {unknown}
 k - 2 scrolls of teleportation {unknown}
 m - 2 scrolls of enchant weapon {unknown}
 o - a scroll of fog {unknown}
 p - 4 scrolls of magic mapping {unknown}
 q - a scroll of amnesia {unknown}
 r - 2 scrolls of silence {unknown}
Potions
 c - 4 potions of lignification {unknown}
 g - 3 potions of curing
 h - a potion of flight {unknown}
 i - a potion of haste {unknown}
 s - a potion of attraction {unknown}
 u - a potion of mutation {unknown}


   Skills:
 * Level 5.6 Fighting
 * Level 5.7 Axes
 - Level 2.4 Armour
 * Level 4.5 Dodging


You had 5 spell levels left.
You didn't know any spells.
Your spell library was empty.

Dungeon Overview and Level Annotations

Branches:
Dungeon (4/15)
 Temple: D:4-7

Altars:
Dithmenos
Elyvilon
Gozag
Kikubaaqudgha
Okawaru
Sif Muna
Trog
Vehumet
Xom
Yredelemnul


Innate Abilities, Weirdness & Mutations

You have a pair of horns on your head.
You reflexively headbutt those who attack you in melee.


Message History

You barely miss the black bear. You headbutt the black bear!
The black bear is heavily wounded.
You hit the polar bear but do no damage.
The black bear barely misses you. You furiously retaliate!
You headbutt the black bear, but do no damage.
The black bear claws you but does no damage.
The black bear closely misses you. The polar bear closely misses you.
The polar bear misses you. The polar bear barely misses you.
The black bear barely misses you. The black bear closely misses you.
The black bear claws you.
You closely miss the black bear.
The black bear is moderately wounded.
You hit the polar bear but do no damage.
The polar bear bites you! The polar bear claws you. x2
The black bear bites you! The black bear closely misses you. x2
You feel much better. The polar bear misses you.
The polar bear closely misses you. The polar bear barely misses you.
The black bear barely misses you. The black bear claws you.
The black bear barely misses you. The polar bear closely misses you.
You furiously retaliate!
You headbutt the polar bear. The polar bear closely misses you.
The polar bear claws you. The black bear bites you!
The black bear barely misses you. The black bear misses you.
You feel much better. The polar bear bites you!!
* * * LOW HITPOINT WARNING * * *
The polar bear claws you but does no damage.
The polar bear claws you.
* * * LOW HITPOINT WARNING * * *
The black bear bites you.
* * * LOW HITPOINT WARNING * * *
The black bear claws you.
* * * LOW HITPOINT WARNING * * *
The black bear closely misses you.
You slash the black bear!
The black bear is severely wounded.
You hit the polar bear. The polar bear barely misses you.
The polar bear claws you.
* * * LOW HITPOINT WARNING * * *
The polar bear claws you!
You die...

############
#...#...#..###
#####.#>#...#....#
........#...##.#h#
#####.#.##'###.#h#
........##..##.#@#
.####...###.##.#h#
.####...###.##.#h#
#.#
..........#.##.#..
..#
.####.#.###.##.#####
#.#
.............#.#...#
#.#
..###.#.###..#.#.#.#
#.# ..#
#.#...#..#.#.#.# #.#
..# #.#......#.#.#.#
#.#


You could see a polar bear (berserk) and 3 black bears.

Vanquished Creatures
  A necrophage (D:3)
  An iguana (D:3)
  4 orc wizards (D:4)
  3 gnolls (D:4)
  4 adders
  5 worms
  2 dart slugs (D:3)
  4 orcs (D:4)
  4 bats
  4 endoplasms
  2 giant cockroaches (D:2)
  A goblin (D:1)
  6 hobgoblins
  2 quokkas (D:1)
  6 ball pythons
  3 frilled lizards
  A kobold (D:3)
  8 rats
61 creatures vanquished.

Notes
Turn   | Place    | Note
-------+----------+-------------------------------------------
     0 | D:1      | eddy2341 the Minotaur Berserker began the quest for the
                  | Orb.
     0 | D:1      | Reached XP level 1. HP: 19/19 MP: 0/0
   340 | D:1      | Reached XP level 2. HP: 16/27 MP: 1/1
   586 | D:1      | Found a faded altar of an unknown god.
   589 | D:1      | Noticed an eye of devastation
   590 | D:1      | Noticed an eye of devastation
   590 | D:1      | Noticed an eye of devastation
   590 | D:1      | Noticed a golden eye
   600 | D:1      | Prayed at the altar of an unknown god.
  1129 | D:2      | Found an opulent altar of Gozag.
  1318 | D:2      | Reached XP level 3. HP: 33/33 MP: 2/2
  1333 | D:2      | Reached ** piety under Trog
  1837 | D:3      | Found a shadowy altar of Dithmenos.
  1882 | D:3      | Fell from the grace of Trog
  1882 | D:3      | Became a worshipper of Dithmenos the Shadowed
  2233 | D:3      | Found a shimmering altar of Xom.
  2323 | D:3      | Reached XP level 4. HP: 41/41 MP: 3/3
  2437 | D:3      | Noticed a necrophage
  2444 | D:3      | Killed a necrophage
  2445 | D:3      | Reached skill level 5 in Fighting
  2445 | D:3      | Reached skill level 5 in Axes
  2445 | D:3      | Reached XP level 5. HP: 40/48 MP: 4/4
  2678 | D:4      | Found a faded altar of an unknown god.
  2678 | D:4      | Found a white marble altar of Elyvilon.
  2686 | D:4      | Found a basalt altar of Yredelemnul.
  2688 | D:4      | Found an iron altar of Okawaru.
  2690 | D:4      | Found a bloodstained altar of Trog.
  3073 | D:4      | Found an opulent altar of Gozag.
  3208 | D:4      | Reached * piety under Dithmenos
  3464 | D:4      | Found an ancient bone altar of Kikubaaqudgha.
  3475 | D:4      | Reached XP level 6. HP: 49/56 MP: 5/5
  3482 | D:4      | Found a shimmering blue altar of Sif Muna.
  3503 | D:4      | Found a radiant altar of Vehumet.
  3899 | D:4      | Noticed a polar bear
  3905 | D:4      | HP: 2/56 [polar bear[the rage of Trog] (3)]
  3905 | D:4      | Slain by a polar bear

Illustrated notes

Levels and vault maps discovered:
D:1:      dpeg_arrival_castle, layout_basic,
          hellmonk_ecumenical_altar_watching_god, hex_intersection
D:2:      layout_basic, basic_altar, item_on_display_a
D:3:      layout_basic, mainiacjoe_overflow_brackets, general_overflow_altar,
          minmay_cut_off
D:4:      layout_basic, palyth_temple_overflow_mages,
          chequers_temple_overflow_minitemple, grunt_gozag_statues,
          eino_tiny_chamber

Skill      XL: |  1  2  3  4  5 |
---------------+----------------+-----
Axes           | 4 5 |  5.7
Fighting       | 4 5 |  5.6
Dodging        | 3 4 |  4.5
Armour         | |  2.4

Action                   |  1- 3 |  4- 6 || total
-------------------------+-------+-------++-------
Melee: Hand axe          |    90 |    85 ||   175
       Headbutt          |    13 |    10 ||    23
       Punch             |     1 |     2 ||     3
  Use: Potion            |       |     6 ||     6
 Stab: Sleeping          |     1 |       ||     1
Armor: Animal skin       |    13 |    12 ||    25
Dodge: Dodged            |    52 |    59 ||   111
